 Dungeon Crawl Stone Soup version 0.19.0-19-g8c6edcc (webtiles) character file.

21077 KarmaPolice the Dealer of Despair (level 12, -8/97 HPs)
             Began as a Vampire Skald on Nov 14, 2016.
             Was an Elder of Kikubaaqudgha.
             Mangled by a spiny frog (23 damage)
             ... on level 2 of the Lair of Beasts.
             The game lasted 02:07:30 (33368 turns).

KarmaPolice the Dealer of Despair (Vampire Skald)  Turns: 33368, Time: 02:07:31

Health: -8/97      AC: 10    Str: 12    XL:     12   Next: 51%
Magic:  12/30      EV: 13    Int: 15    God:    Kikubaaqudgha [****..]
Gold:   842        SH:  0    Dex: 17    Spells: 7 memorised, 2 levels left

rFire  + . .     SeeInvis +     M - +4 scimitar
rCold  + + .     Gourm    .     x - +2 robe {rF+}
rNeg   + + +     Faith    .     (no shield)
rPois  ∞         Spirit   .     d - +0 helmet
rElec  .         Reflect  .     v - +2 cloak
rCorr  .         Harm     .     l - +0 pair of gloves
MR     +....                    (no boots)
Stlth  ++++......               (no amulet)
                                D - ring of positive energy
                                g - ring of magical power

@: infused, singing, bloodless, non-regenerating
A: fangs 3, see invisible, unbreathing
a: Bat Form, Receive Corpses, Renounce Religion, Stop Singing


You were on level 2 of the Lair of Beasts.
You worshipped Kikubaaqudgha.
Kikubaaqudgha was greatly pleased with you.
You were bloodless.

You visited 3 branches of the dungeon, and saw 16 of its levels.

You collected 842 gold pieces.

Inventory:

Hand Weapons
 M - a +4 scimitar (weapon)
Armour
 d - a +0 helmet (worn)
 l - a +0 pair of gloves (worn)
 v - a +2 cloak (worn)
 x - a +2 robe of fire resistance (worn)
Magical Staves
 n - an uncursed staff of poison {unknown}
Jewellery
 g - a ring of magical power (left hand)
 C - an uncursed ring of ice {unknown}
 D - a ring of positive energy (right hand)
 K - an uncursed ring of magical power
Wands
 w - a wand of disintegration (3/24)
 y - a wand of acid (6/15)
 G - a wand of teleportation (0/9)
 H - a wand of confusion (0/48)
 N - a wand of acid (0/15)
Scrolls
 a - a scroll of identify
 e - 11 scrolls of remove curse
 f - 5 scrolls of enchant weapon
 m - a scroll of recharging
 q - 2 scrolls of enchant armour
 r - a scroll of immolation {unknown}
 s - 3 scrolls of magic mapping
 u - a scroll of teleportation
 z - 2 scrolls of amnesia
 I - a scroll of summoning {unknown}
Potions
 h - 3 potions of flight
 j - 6 potions of blood
 p - a potion of mutation {unknown}
 t - 2 potions of brilliance
 A - 3 potions of berserk rage {unknown}
 B - a potion of resistance
 J - a potion of agility {unknown}
 L - 2 potions of might
Books
 c - a book of Battle

   Spells                             Type                      Level
   a - Infusion                       Charms                       1
   b - Shroud of Golubria             Charms/Translocation         2
   c - Song of Slaying                Charms                       2
   d - Spectral Weapon                Hexes/Charms                 3
   e - Regeneration                   Charms/Necromancy            3
 k - Kikubaaqudgha's Almanac of Necromancy
   (Kikubaaqudgha gifted it to you on level 10 of the Dungeon)

   Spells                             Type                      Level
   a - Excruciating Wounds            Charms/Necromancy            5
   b - Agony                          Necromancy                   5
   c - Cigotuvi's Embrace             Necromancy                   5
   d - Dispel Undead                  Necromancy                   5
   e - Simulacrum                     Ice/Necromancy               6
 E - Kikubaaqudgha's Volume of Sinister Arts
   (Kikubaaqudgha gifted it to you on level 8 of the Dungeon)

   Spells                             Type                      Level
   a - Pain                           Necromancy                   1
   b - Corpse Rot                     Necromancy                   2
   c - Sublimation of Blood           Necromancy                   2
   d - Regeneration                   Charms/Necromancy            3
   e - Control Undead                 Necromancy                   4
 F - a book of Frost

   Spells                             Type                      Level
   a - Freeze                         Ice                          1
   b - Throw Frost                    Conjuration/Ice              2
   c - Ozocubu's Armour               Charms/Ice                   3
   d - Throw Icicle                   Conjuration/Ice              4
   e - Summon Ice Beast               Ice/Summoning                4


   Skills:
 + Level 9.9 Fighting
 - Level 10.6 Long Blades
 - Level 4.4 Armour
 + Level 2.6 Dodging
 + Level 6.5 Spellcasting
 - Level 8.0 Charms
 + Level 10.9 Necromancy


You had 2 spell levels left.
You knew the following spells:

 Your Spells              Type           Power        Failure   Level  Hunger
a - Infusion              Chrm           ####         1%          1    None
b - Shroud of Golubria    Chrm/Tloc      ###.......   4%          2    #......
c - Song of Slaying       Chrm           ####....     1%          2    #......
d - Regeneration          Chrm/Necr      ####......   1%          3    ##.....
e - Dispel Undead         Necr           #####...     4%          5    ######.
f - Agony                 Necr           #####...     4%          5    ######.
h - Throw Icicle          Conj/Ice       #.......     97%         4    ####...


Dungeon Overview and Level Annotations

Branches:
Dungeon (12/15)            Temple (1/1) D:4            Lair (3/6) D:11
  Snake (0/4) Lair:2
  Swamp: Lair:2-4    Shoals: Lair:2-4       Orc: D:9-12

Altars:
Ashenzari
Cheibriados
Dithmenos
Elyvilon
Fedhas
Gozag
Hepliaklqana
Kikubaaqudgha
Makhleb
Nemelex Xobeh
Okawaru
Qazlal
Ru
Sif Muna
Trog
Uskayaw
Vehumet
Xom
Yredelemnul
Zin
The Shining One

Annotations:
D:3 Grinder
D:7 no0bjke's ghost, novice DECj
D:9 Gastronok; Psyche


Innate Abilities, Weirdness & Mutations

You do not heal naturally.
You are immune to poison.
You have razor-sharp teeth.
You have supernaturally acute eyesight. (SInv)
You can survive without breathing.


Message History

You begin infusing your attacks with magical energy.
Casting: Infusion
Confirm with . or Enter, or press ? or * to list all spells.
Aiming: Agony
Press: ? - help, Shift-Dir - straight line, f - spiny frog
Aim: a spiny frog (chance to defeat MR: 96%)
The spiny frog convulses!
You slash the spiny frog!
The spiny frog is severely wounded.
The spiny frog completely misses you.
You barely miss the spiny frog.
The spiny frog is severely wounded.
The spiny frog stings you!!
* * * LOW HITPOINT WARNING * * *
Unknown command.
You closely miss the spiny frog.
The spiny frog is severely wounded.
The spiny frog stings you!!
You die...
Kikubaaqudgha rasps: "You have failed me!
Welcome... oblivion!"

.'#.###.........####.'#.## #...#
..##.###'#####.## #....### #..##
#.#.#.#.#.## ### #......####.P#
...........##### #♣.>[♣♣##.#..#
#.#.#.#.#.##...## #.....###..).##
................####.♣..#....##.#
#.#.#.#.#.#...#..+..####....P###.
..............#.F#..........P.#..
#.#.#.#.#.#...+.@#..............)
#....####.......#†...........P###
#.#....<'.....###...........###
#.≈.....#.....##.#.....>.....#
≈≈≈≈.<........###............##
≈≈≈≈≈≈.≈......# #...........#.#
≈≈≈≈≈≈≈≈≈.....####..........###
≈≈≈≈≈≈≈≈≈≈#'##.# ##'#P.#.#.#.#
.≈≈≈≈≈≈≈≈≈#...## #..<....#.##


You could see a spiny frog.

Vanquished Creatures
  A hydra (D:12)
  2 centaur warriors
  A hill giant (D:12)
  A cyclops (D:11)
  3 elephants
  Maurice (D:9)
  A black mamba (Lair:1)
  A centaur skeleton (D:10)
  6 spiny frogs
  A gargoyle (D:10)
  2 komodo dragons (Lair:1)
  A queen bee (D:10)
  A polar bear (Lair:1)
  2 trolls
  A two-headed ogre (D:10)
  A hornet (D:7)
  5 hippogriffs
  A spriggan (D:7)
  17 yaks
  A wraith (D:11)
  A wyvern (D:10)
  A hungry ghost (D:10)
  3 nagas (Lair:2)
  A mottled dragon (D:12)
  2 porcupines
  2 water moccasins (Lair:2)
  2 sky beasts (D:12)
  3 ice beasts
  A black bear (D:11)
  3 orc warriors
  4 phantoms
  4 ogres
  2 eyes of draining
  5 centaurs
  5 crocodiles
  15 bullfrogs
  2 big kobolds
  A gnoll sergeant (D:10)
  2 wyvern skeletons
  8 scorpions
  29 killer bees (D:10)
  9 wights
  4 howler monkeys
  6 crimson imps
  3 jellies
  A bullfrog zombie (D:5)
  12 hounds
  2 bullfrog skeletons (D:5)
  9 orc priests
  9 orc wizards
  Terence (D:2)
  6 iguanas
  5 worker ants
  A hound zombie (D:9)
  A hound skeleton (D:8)
  A howler monkey zombie (D:9)
  A worker ant zombie (D:8)
  5 gnolls (D:10)
  13 adders
  A howler monkey skeleton (D:4)
  4 shadow imps
  2 oozes (D:1)
  An adder zombie (D:8)
  An adder skeleton (D:6)
  5 worms
  5 dart slugs
  6 leopard geckos
  39 orcs
  9 giant cockroaches
  10 goblins
  15 hobgoblins
  13 jackals
  5 quokkas
  4 ball pythons
  5 bats
  2 frilled lizards
  16 kobolds
  A quokka skeleton (D:5)
  11 rats
  4 plants (D:11)
394 creatures vanquished.

Vanquished Creatures (others)
  A yak (Lair:2)
  A porcupine (Lair:2)
  A scorpion (D:8)
  4 fungi
7 creatures vanquished.

Grand Total: 401 creatures vanquished

Notes
Turn   | Place    | Note
-------+----------+-------------------------------------------
     0 | D:1      | KarmaPolice the Vampire Skald began the quest for the Orb.
     0 | D:1      | Reached XP level 1. HP: 16/16 MP: 3/3
    32 | D:1      | Reached XP level 2. HP: 13/22 MP: 5/5
   314 | D:1      | Found a snail-covered altar of Cheibriados.
   779 | D:1      | Reached XP level 3. HP: 27/27 MP: 6/6
   784 | D:1      | Learned a level 2 spell: Shroud of Golubria
   787 | D:1      | Learned a level 2 spell: Song of Slaying
  2218 | D:3      | Found a sacrificial altar of Ru.
  2221 | D:3      | Found a shattered altar of Ashenzari.
  2236 | D:3      | Reached XP level 4. HP: 29/34 MP: 7/7
  3077 | D:2      | Noticed Terence
  3102 | D:2      | Killed Terence
  3384 | D:2      | Learned a level 3 spell: Regeneration
  3434 | D:3      | Noticed a bullfrog
  3464 | D:3      | Found a hide-covered altar of Uskayaw.
  3467 | D:3      | Found a white marble altar of Elyvilon.
  3557 | D:3      | Killed a bullfrog
  3557 | D:3      | Reached XP level 5. HP: 27/40 MP: 1/9
  3811 | D:3      | Found a blossoming altar of Fedhas.
  3874 | D:3      | Noticed Grinder
  4451 | D:3      | Found a shadowy altar of Dithmenos.
  4720 | D:3      | Found an opulent altar of Gozag.
  4883 | D:3      | Reached skill level 5 in Charms
  5480 | D:3      | Reached XP level 6. HP: 47/47 MP: 5/10
  5804 | D:4      | Found a staircase to the Ecumenical Temple.
  5822 | Temple   | Entered the Ecumenical Temple
  6116 | D:4      | Reached skill level 1 in Necromancy
  6457 | D:5      | Entered Level 5 of the Dungeon
  6488 | D:5      | Found a blossoming altar of Fedhas.
  7536 | D:5      | Reached XP level 7. HP: 49/53 MP: 5/11
  8875 | D:6      | Found an ancient bone altar of Kikubaaqudgha.
  8877 | D:6      | Found a deep blue altar of Sif Muna.
  8879 | D:6      | Found a radiant altar of Vehumet.
  8881 | D:6      | Identified Kikubaaqudgha's Catalogue of Darkness
  8884 | D:6      | Became a worshipper of Kikubaaqudgha
  9440 | D:6      | Reached XP level 8. HP: 57/61 MP: 11/12
  9674 | D:6      | Reached skill level 5 in Long Blades
 10381 | D:8      | Noticed a hippogriff
 10622 | D:7      | Noticed a hippogriff
 10671 | D:7      | Noticed no0bjke's ghost (novice DECj)
 10898 | D:7      | Noticed a hornet
 10903 | D:7      | Killed a hornet
 10903 | D:7      | Reached skill level 5 in Fighting
 12040 | D:7      | Reached skill level 5 in Necromancy
 12486 | D:8      | Reached XP level 9. HP: 57/68 MP: 3/13
 12652 | D:9      | Noticed Maurice
 13119 | D:8      | Reached * piety under Kikubaaqudgha
 13119 | D:8      | Identified Kikubaaqudgha's Volume of Sinister Arts (Kikubaaqudgha gifted it to you on level 8 of the Dungeon)
 13119 | D:8      | Received a gift from Kikubaaqudgha
 13581 | D:10     | Entered Level 10 of the Dungeon
 14112 | D:9      | Killed Maurice
 14389 | D:9      | Found an ancient bone altar of Kikubaaqudgha.
 14398 | D:9      | Reached skill level 1 in Armour
 14652 | D:9      | Noticed Gastronok
 15165 | D:9      | Noticed a troll
 15940 | D:9      | Killed a troll
 16306 | D:9      | Noticed Psyche
 16830 | D:10     | Reached XP level 10. HP: 42/77 MP: 9/14
 17193 | D:10     | Noticed a hill giant
 17274 | D:10     | HP: 3/77 [orc priest/divine providence (14)]
 17657 | D:9      | Reached ** piety under Kikubaaqudgha
 17809 | D:9      | Found a sparkling altar of Nemelex Xobeh.
 20827 | D:10     | Reached *** piety under Kikubaaqudgha
 20827 | D:10     | Identified Kikubaaqudgha's Almanac of Necromancy (Kikubaaqudgha gifted it to you on level 10 of the Dungeon)
 20827 | D:10     | Received a gift from Kikubaaqudgha
 20837 | D:10     | Learned a level 5 spell: Dispel Undead
 22011 | D:10     | Reached XP level 11. HP: 73/86 MP: 8/15
 22160 | D:11     | Noticed a centaur warrior
 22177 | D:11     | HP: 3/86 [centaur warrior (8)]
 22179 | D:11     | Killed a centaur warrior
 23674 | D:10     | Noticed a centaur warrior
 23685 | D:10     | Killed a centaur warrior
 23831 | D:10     | Noticed a battleaxe of chopping
 24287 | D:11     | Found a staircase to the Lair.
 24342 | D:11     | Got a twisted leather armour
 24560 | D:10     | Learned a level 5 spell: Agony
 25164 | D:12     | Noticed a six-headed hydra
 25591 | Lair:1   | Entered Level 1 of the Lair of Beasts
 25845 | D:11     | Identified the +3 leather armour of Insatiable Hunger {-Cast rPois Dex+4 Stlth+} (You found it on level 11 of the Dungeon)
 25895 | D:12     | Learned a level 1 spell: Pain
 26199 | D:12     | Reached **** piety under Kikubaaqudgha
 26548 | D:11     | Reached skill level 10 in Long Blades
 26752 | D:12     | Reached skill level 5 in Spellcasting
 26993 | D:12     | Noticed a sea snake
 27054 | D:12     | Noticed a tengu warrior
 27176 | D:12     | Killed a six-headed hydra
 27319 | D:12     | Noticed a hill giant
 27379 | D:12     | Killed a hill giant
 27379 | D:12     | Reached skill level 10 in Necromancy
 28392 | Lair:1   | Reached XP level 12. HP: 76/95 MP: 13/20
 31188 | Lair:3   | Noticed a seven-headed hydra
 31703 | Lair:2   | Learned a level 4 spell: Throw Icicle
 32173 | Lair:2   | Found a staircase to the Snake Pit.
 33368 | Lair:2   | Mangled by a spiny frog

Skill      XL: |  1  2  3  4  5  6  7  8  9 10 11 12 |
---------------+-------------------------------------+-----
Fighting       | 2 3 4 5 6 8 9 |  9.9
Charms         | 4 5 6 7 8 |  8.0
Long Blades    | 3 4 6 7 9 10 | 10.6
Spellcasting   | 3 5 6 |  6.5
Necromancy     | 2 3 5 6 8 10 | 10.9
Armour         | 2 4 |  4.4
Dodging        | 2 |  2.6

Action                   |  1- 3 |  4- 6 |  7- 9 | 10-12 || total
-------------------------+-------+-------+-------+-------++-------
Melee: Falchion          |    74 |   219 |   456 |   178 ||   927
       Bite              |     9 |    25 |    56 |   103 ||   193
       Unarmed           |       |     1 |     1 |     8 ||    10
       Scimitar          |       |       |       |   561 ||   561
 Cast: Infusion          |     7 |    23 |    48 |    71 ||   149
       Song of Slaying   |     6 |    23 |    46 |    81 ||   156
       Shroud of Golubri |       |    12 |    39 |    49 ||   100
       Regeneration      |       |     2 |    30 |    87 ||   119
       Agony             |       |       |       |    56 ||    56
       Pain              |       |       |       |    11 ||    11
 Abil: End Transformatio |       |    23 |    52 |   135 ||   210
       Bat Form          |       |    23 |    52 |   135 ||   210
Evoke: Wand              |       |       |    13 |    16 ||    29
  Use: Potion            |     2 |     6 |    14 |    39 ||    61
       Scroll            |       |     4 |     9 |    11 ||    24
 Stab: Sleeping          |       |     5 |     2 |     3 ||    10
       Paralysed         |       |       |     3 |       ||     3
       Confused          |       |       |     5 |     1 ||     6
  Eat: Corpse            |     1 |     5 |     9 |    17 ||    32
Armor: Leather armour    |    13 |    36 |   133 |   182 ||   364
       Skin              |       |       |       |    14 ||    14
       Robe              |       |       |       |     4 ||     4
Dodge: Dodged            |    45 |   122 |   285 |   433 ||   885
       Rpst.: Falchion   |    15 |    36 |    84 |    15 ||   150
       Scimitar          |       |       |       |    87 ||    87
